 Dungeon Crawl Stone Soup version 0.31-a0-210-gccc998df9b (webtiles) character file.

Game seed: 4904980876025224372

90 qw the Shooter (level 4, -1/36 HPs)
             Began as a Minotaur Hexslinger on June 30, 2023.
             Slain by a cerulean imp
             ... wielding a +1 spear
             ... summoned by Natasha
              (3 damage)
             ... on level 2 of the Dungeon.
             The game lasted 00:00:28 (1207 turns).

qw the Shooter (Minotaur Hexslinger)                Turns: 1207, Time: 00:00:29

Health: -1/36      AC:  3    Str: 13    XL:     4   Next: 32%
Magic:  4/4        EV: 12    Int: 10    God:
Gold:   79         SH:  0    Dex: 14    Spells: 4/5 levels left

rFire   . . .        Y - +1 sling
rCold   . . .        (no shield)
rNeg    . . .        h - +0 leather armour
rPois   .            (helmet restricted)
rElec   .            (no cloak)
rCorr   .            (no gloves)
SInv    .            (no boots)
Will    .....        (no amulet)
Stlth   +            (no ring)
HPRegen 0.26/turn    (no ring)
MPRegen 0.09/turn

%: no passive effects
@: slowed, very slow
A: horns 2, retaliatory headbutt
a: no special abilities


You were on level 2 of the Dungeon.
You visited 1 branch of the dungeon, and saw 2 of its levels.

You collected 79 gold pieces.


Innate Abilities, Weirdness & Mutations

You have a pair of horns on your head.
You reflexively headbutt those who attack you in melee.


   Skills:
 - Level 2.0 Fighting
 + Level 4.9 Ranged Weapons
 - Level 2.1 Dodging
 - Level 1.0 Spellcasting
 - Level 2.0 Hexes


You had 4 spell levels left.
You knew the following spells:

 Your Spells              Type           Power      Damage    Failure   Level
a - Slow                  Hex            16%        N/A       19%         1

Your spell library contained the following spells:

 Spells                   Type           Power      Damage    Failure   Level
 Inner Flame              Hex/Fire       2%         N/A       65%         3
 Portal Projectile        Hex/Tloc       4%         N/A       65%         3
 Cause Fear               Hex            2%         N/A       88%         4

Inventory:

Hand Weapons
 Y - a +1 sling (weapon)
Armour
 h - a +0 leather armour (worn)
Scrolls
 a - a scroll of identify
 b - a scroll of fog {unknown}
 c - a scroll of teleportation {unknown}
Potions
 d - 2 potions of attraction {unknown}
 e - a potion of might
 f - a potion of cancellation
 g - a potion of heal wounds
 j - a potion of berserk rage {unknown}
 k - a potion of degeneration {unknown}

Dungeon Overview and Level Annotations

Branches:
Dungeon (2/15)

Altars:

Annotations:
D:2 Natasha


Message History

Enter note:
Enter note:
Enter note: You shoot a sling bullet.
The sling bullet closely misses Natasha.
You shoot a sling bullet.
The sling bullet closely misses Natasha.
Natasha stares at you and mumbles some strange words.
The magic dart hits you.
You shoot a sling bullet. The sling bullet hits Natasha.
Natasha is moderately wounded.
The cerulean imp hits you but does no damage.
Natasha casts a spell at you.
You feel yourself slow down.
You shoot a sling bullet. The sling bullet barely misses Natasha.
The sling bullet closely misses the cerulean imp.
The cerulean imp hits you but does no damage.
Natasha casts a spell.
The cerulean imp misses you. Natasha claws you but does no damage.
You shoot a sling bullet.
The sling bullet closely misses Natasha.
The sling bullet closely misses the cerulean imp.
The cerulean imp barely misses you. Natasha closely misses you.
You furiously retaliate!
You headbutt Natasha.
The cerulean imp hits you from afar with a +2 spear.
You shoot a sling bullet. The sling bullet hits Natasha.
Natasha is moderately wounded.
Natasha casts a spell at you. The magic dart hits you!
The cerulean imp closely misses you.
The cerulean imp hits you from afar with a +2 spear.
Natasha barely misses you. You furiously retaliate!
You headbutt Natasha!
The cerulean imp hits you from afar with a +1 spear.
You shoot a sling bullet. The sling bullet barely misses Natasha.
The sling bullet hits the cerulean imp but does no damage.
The cerulean imp hits you from afar with a +2 spear.
The cerulean imp hits you from afar with a +1 spear.
Natasha casts a spell at you. The magic dart hits you!
The cerulean imp barely misses you. Natasha misses you.
The cerulean imp hits you from afar with a +1 spear.
You die...

#.#.# #.#.## #.....
# ##.... #.#.....
##.5....# ......55#
#h# #@# #.# #.# #.#
#.# #.## #..##
##...##########
#.####.............#


You could see Natasha and 2 cerulean imps.

Vanquished Creatures
  Terence (D:2)
  Natasha (D:2)
  A dart slug (D:2)
  5 ball pythons
  3 endoplasms
  3 giant cockroaches
  3 goblins
  6 hobgoblins
  3 bats (D:2)
  5 frilled lizards
  2 kobolds (D:2)
  3 rats
36 creatures vanquished.

Notes
Turn   | Place    | Note
-------+----------+-------------------------------------------
     0 | D:1      | qw the Minotaur Hexslinger began the quest for the Orb.
     0 | D:1      | Reached XP level 1. HP: 16/16 MP: 1/1
     0 | D:1      | 0 ||| qw: Version: 0.3-a-26-gee661ec
     0 | D:1      | 0 ||| qw: Game counter: 7286
     0 | D:1      | 0 ||| qw: Melee chars always use a shield: true
     0 | D:1      | 0 ||| qw: God list: Okawaru
     0 | D:1      | 0 ||| qw: Allow faded altars: false
     0 | D:1      | 0 ||| qw: Do Orc after clearing Dungeon:15 true
     0 | D:1      | 0 ||| qw: Do second Lair branch before Depths: true
     0 | D:1      | 0 ||| qw: Lair rune preference: random
     0 | D:1      | 0 ||| qw: Goals: Normal
     0 | D:1      | 0 ||| PLANNING D:1-11
   251 | D:1      | Reached skill level 3 in Ranged Weapons
   255 | D:1      | Reached XP level 2. HP: 23/23 MP: 2/2
   697 | D:1      | 697 ||| UPGRADING to +0 leather armour.
   707 | D:1      | 707 ||| DROPPING +0 robe.
   708 | D:1      | 708 ||| READING 3 scrolls labelled KOSUYC ETUSURI.
   709 | D:1      | 709 ||| READING scroll labelled GAISKILOCU.
   710 | D:1      | 710 ||| DRINKING 2 metallic grey potions.
   711 | D:1      | 711 ||| DRINKING 2 fuming ruby potions.
   712 | D:1      | 712 ||| READING 2 scrolls of identify.
   712 | D:1      | 712 ||| IDENTIFYING purple potion
   713 | D:1      | 713 ||| DROPPING scroll of poison.
   755 | D:2      | Noticed Terence
   763 | D:2      | Killed Terence
   764 | D:2      | Reached skill level 4 in Ranged Weapons
   764 | D:2      | Reached XP level 3. HP: 19/29 MP: 3/3
   764 | D:2      | 764 ||| FLEEEEING.
  1007 | D:2      | Noticed Natasha
  1010 | D:2      | 1010 ||| Stepping ~*~*~tactically~*~*~ (outnumbered).
  1017 | D:2      | HP: 7/29 [cerulean imp/+1 spear[Natasha] (4)]
  1018 | D:2      | 1018 ||| DRINKING 2 potions of heal wounds.
  1023 | D:2      | Killed Natasha
  1024 | D:2      | Reached XP level 4. HP: 32/36 MP: 4/4
  1198 | D:2      | Noticed Natasha
  1200 | D:2      | 1200 ||| Stepping ~*~*~tactically~*~*~ (outnumbered).
  1207 | D:2      | HP: 9/36 [cerulean imp/+1 spear[Natasha] (2)]
  1207 | D:2      | HP: 2/36 [Natasha/magic dart (7)]
  1207 | D:2      | Slain by a cerulean imp

Levels and vault maps discovered:
D:1:      dpeg_arrival_pits, layout_basic
D:2:      layout_loops_corners, uniq_terence, uniq_natasha

Skill      XL: |  1  2 |
---------------+-------+-----
Ranged Weapons | 3 4 |  4.9
Fighting       | 2 |  2.0
Dodging        | |  2.1
Spellcasting   | |  1.0
Hexes          | |  2.0

Action                     |  1- 3 |  4- 6 || total
---------------------------+-------+-------++-------
   Fire: Sling             |   100 |    17 ||   117
    Use: Scroll            |     3 |       ||     3
         Potion            |     3 |       ||     3
 Armour: Robe              |     2 |       ||     2
         Leather armour    |     3 |     5 ||     8
  Dodge: Dodged            |    22 |    10 ||    32

Table legend:
 A = Non-vault XP
 B = Vault XP
 C = Vault XP percentage of total XP
 D = Non-vault monster count
 E = Vault monster count
 F = Vault count percentage of total count
                 A         B        C        D         E       F
            +---------+---------+-------+---------+---------+-------
      Total |      58 |      71 |  55.0 |      34 |       2 |   5.6
            +---------+---------+-------+---------+---------+-------
        D:1 |      28 |       0 |   0.0 |      17 |       0 |   0.0
        D:2 |      30 |      71 |  70.3 |      17 |       2 |  10.5
            +---------+---------+-------+---------+---------+-------
